 Dungeon Crawl Stone Soup version 0.31.0-11-ge490571c62 (webtiles) character file.

Game seed: 7837714335573026727

4 Flugkiller the Chiller (level 1, -1/9 HPs)
             Began as a Vine Stalker Ice Elementalist on Feb 3, 2024.
             Slain by Terence
             ... wielding a +0 hand axe
              (6 damage)
             ... on level 2 of the Dungeon.
             The game lasted 00:00:31 (220 turns).

Flugkiller the Chiller (VSIE)                        Turns: 220, Time: 00:00:32

Health: -1/9       AC:  5    Str: 10    XL:     1   Next: 60%
Magic:  0/4        EV: 12    Int: 15    God:
Gold:   7          SH:  0    Dex: 14    Spells: 3/4 levels left

rFire   . . .        c - +0 dagger (speed)
rCold   . . .        (no shield)
rNeg    . . .        a - +0 robe
rPois   .            (no helmet)
rElec   .            (no cloak)
rCorr   .            d - +2 pair of gloves
SInv    .            (no boots)
Will    .....        (no amulet)
Stlth   ++           (no ring)
HPRegen 1.01/turn    (no ring)
MPRegen 0.09/turn

%: guardian spirit
@: no status effects
A: fangs 2, regeneration 1, magic shield, antimagic bite, no potion heal 2
a: no special abilities


You were on level 2 of the Dungeon.
You visited 1 branch of the dungeon, and saw 2 of its levels.

You collected 7 gold pieces.

Inventory:

Hand Weapons
 c - a +0 dagger of speed (weapon)
   (You took it off a kobold on level 1 of the Dungeon)
Armour
 a - a +0 robe (worn)
 d - a +2 pair of gloves (worn)
   (You found it on level 2 of the Dungeon)
Potions
 b - a potion of magic


   Skills:
 - Level 1.5 Dodging
 - Level 2.4 Stealth
 + Level 2.3 Spellcasting
 + Level 4.1 Ice Magic


You had 3 spell levels left.
You knew the following spells:

 Your Spells              Type           Power      Damage    Failure   Level
a - Freeze                Ice            56%        1d7       4%          1

Your spell library contained the following spells:

 Spells                   Type           Power      Damage    Failure   Level
 Frozen Ramparts          Ice            28%        1d5       12%         3
 Ozocubu's Armour         Ice            14%        N/A       12%         3
 Summon Ice Beast         Ice/Summ       7%         N/A       28%         3


Dungeon Overview and Level Annotations

Branches:
Dungeon (2/15) Zot: 11780

Altars:

Annotations:
D:2 Terence


Innate Abilities, Weirdness & Mutations

You have extremely sharp teeth.
Your natural rate of healing is unusually fast.
When hurt, damage is shared between your health and your magic reserves.
Your bite disrupts and absorbs the magic of your enemies.
Potions cannot restore your health.


Message History

The kobold moves out of view.
Unknown command.
A bat comes into view.
The kobold hits you with a +0 short sword.
Casting: Freeze (safe; 4% risk of failure)
Confirm with . or Enter, or press ? or * to list all spells.
Aiming: Freeze (safe; 4% risk of failure)
Press: ? - help, Shift-Dir - straight line, f - kobold
Aim: a kobold, wielding a +0 short sword and quivering stones You freeze the kobold.
You kill the kobold!
Casting: Freeze (safe; 4% risk of failure)
Confirm with . or Enter, or press ? or * to list all spells.
You can't see any susceptible monsters within range! (Use Z to cast anyway.)
The helpless bat fails to defend itself.
You hit the bat.
You kill the bat!
No target in view!
Things that are here:
a +0 short sword; 4 stones; a kobold corpse
Found a stone staircase leading up.
Unknown command.
There is a stone staircase leading up here.
You climb upwards.
Found 2 gold pieces.
There is a stone staircase leading down here.
Found 10 gold pieces.
Found a club.
You now have 2 gold pieces.
There is a stone staircase leading down here.
You climb downwards.
There is a stone staircase leading up here.
Unknown command.
You see here a +2 pair of gloves.
Unknown command.
You now have 7 gold pieces (gained 5).
You see here a +2 pair of gloves.
d - a +2 pair of gloves You start putting on your armour.
You continue putting on your +2 pair of gloves. x4
You finish putting on your +2 pair of gloves.
Found a leather armour.
Found a stone staircase leading up.
Terence the Incautious comes into view.
He is wielding a +0 hand axe.
Terence shouts!
Found a short sword.
There is a stone staircase leading up here.
You climb upwards.
The ball python hisses angrily.
The rat squeaks loudly.
There is a stone staircase leading down here.
You climb downwards.
Level annotation: Terence
There is a stone staircase leading up here.
A bat comes into view.
Found a short sword.
Casting: Freeze (safe; 4% risk of failure)
Confirm with . or Enter, or press ? or * to list all spells.
Aiming: Freeze (safe; 4% risk of failure)
Press: ? - help, Shift-Dir - straight line, f - Terence
Aim: Terence, wielding a +0 hand axe and wearing a +0 scale mail You freeze Terence.
Terence is lightly wounded.
Terence misses you.
Casting: Freeze (safe; 4% risk of failure)
Confirm with . or Enter, or press ? or * to list all spells.
Aiming: Freeze (safe; 4% risk of failure)
Press: ? - help, Shift-Dir - straight line, f/p - Terence
Aim: Terence, wielding a +0 hand axe and wearing a +0 scale mail (lightly wounded)
You freeze Terence.
Terence is lightly wounded.
Terence hits you but does no damage.
Casting: Freeze (safe; 4% risk of failure)
Confirm with . or Enter, or press ? or * to list all spells.
Aiming: Freeze (safe; 4% risk of failure)
Press: ? - help, Shift-Dir - straight line, f/p - Terence
Aim: Terence, wielding a +0 hand axe and wearing a +0 scale mail (lightly wounded)
You freeze Terence.
Terence is moderately wounded.
Terence barely misses you.
Casting: Freeze (safe; 4% risk of failure)
Confirm with . or Enter, or press ? or * to list all spells.
Aiming: Freeze (safe; 4% risk of failure)
Press: ? - help, Shift-Dir - straight line, f/p - Terence
Aim: Terence, wielding a +0 hand axe and wearing a +0 scale mail (moderately wounded)
You freeze Terence.
Terence is heavily wounded.
Terence hits you with a +0 hand axe.
Ouch! That really hurt!
Unknown command.
You barely miss Terence.
Terence is heavily wounded.
You closely miss Terence. You bite Terence, but do no damage.
Terence is heavily wounded.
Terence misses you.
You closely miss Terence. You bite Terence, but do no damage.
Terence is heavily wounded.
Terence hits you with a +0 hand axe.
Ouch! That really hurt!
You die...
Terence says, "That felt goooood."

### #.# #.. .. #.#
..## #.#####....
#..........
#########..........
+.....@@...........
#########......#. #
.)........### .#
#..b##....###..#
#.. #.........# +
####..#...##
###..#.....
##....#..#...
#............


You could see Terence.

Vanquished Creatures
  A quokka (D:1)
  A bat (D:2)
  2 kobolds
4 creatures vanquished.

Notes
Turn   | Place    | Note
-------+----------+-------------------------------------------
     0 | D:1      | Flugkiller the Vine Stalker Ice Elementalist began the
                  | quest for the Orb.
     0 | D:1      | Reached XP level 1. HP: 9/9 MP: 4/4
   194 | D:2      | Noticed Terence
   220 | D:2      | Slain by Terence

Illustrated notes

Levels and vault maps discovered:
D:1:      dpeg_arrival_rooms_a, layout_rooms
D:2:      layout_basic, uniq_terence, uniq_natasha, uniq_robin

Action                     || total
---------------------------++-------
  Melee: Dagger            ||     4
         Bite              ||     2
   Cast: Freeze            ||     7
   Stab: Sleeping          ||     1
 Armour: Robe              ||     5
  Dodge: Dodged            ||     4
